 Dungeon Crawl Stone Soup version 0.28.0-47-ge53b351184 (webtiles) character file.

Game seed: 12075110192962974808

53 GigaChad the Slasher (level 3, -1/34 HPs)
             Began as a Minotaur Chaos Knight on May 5, 2022.
             Was a Plaything of Xom.
             Killed from afar by Sigmund (11 damage)
             ... with a puff of flame
             ... on level 2 of the Dungeon.
             The game lasted 00:02:23 (1155 turns).

GigaChad the Slasher (Minotaur Chaos Knight)        Turns: 1155, Time: 00:02:24

Health: -1/34      AC:  5    Str: 16    XL:     3   Next: 62%
Magic:  2/2        EV: 11    Int:  9    God:    Xom [*.....]
Gold:   74         SH:  0    Dex: 11    Spells: 2/2 levels left

rFire   . . .      SeeInvis .   a - +0 falchion (chaos)
rCold   . . .      Faith    .   (no shield)
rNeg    . . .      Spirit   .   b - +2 leather armour
rPois   .          Reflect  .   (helmet restricted)
rElec   .          Harm     .   (no cloak)
rCorr   .          Rampage  .   (no gloves)
Will    .....                   (no boots)
Stlth   +.........              (no amulet)
HPRegen 0.11/turn               (no ring)
MPRegen 0.08/turn               (no ring)

@: mighty
A: horns 2, retaliatory headbutt
a: Renounce Religion


You were on level 2 of the Dungeon.
You worshipped Xom.
You were a special plaything of Xom.
You visited 1 branch of the dungeon, and saw 2 of its levels.

You collected 74 gold pieces.

Inventory:

Hand Weapons
 a - a +0 falchion of chaos (weapon)
 e - a +0 broad axe
Armour
 b - a +2 leather armour (worn)
Scrolls
 d - a scroll of holy word {unknown}
 f - a scroll of teleportation
 i - a scroll of brand weapon {unknown}
Potions
 c - a potion of heal wounds
 g - a potion of flight {unknown}
 h - a potion of magic {unknown}
 j - a potion of curing {unknown}


   Skills:
 + Level 4.3 Fighting
 + Level 4.5 Long Blades
 + Level 3.2 Armour
 + Level 1.2 Dodging


You had 2 spell levels left.
You didn't know any spells.
Your spell library contained the following spells:

 Spells                   Type           Power      Damage    Failure   Level
 Animate Skeleton         Necr           0%         N/A       43%         1
 Apportation              Tloc           0%         N/A       43%         1
 Summon Small Mammal      Summ           0%         N/A       43%         1
 Summon Guardian Golem    Hex/Summ       0%         N/A       82%         3
 Summon Ice Beast         Ice/Summ       0%         N/A       99%         4
 Summon Mana Viper        Hex/Summ       0%         N/A       100%        5
 Monstrous Menagerie      Summ           0%         N/A       100%        7
 Orb of Destruction       Conj           0%         9d5       100%        7
 Spellforged Servitor     Conj/Summ      0%         N/A       100%        7


Dungeon Overview and Level Annotations

Branches:
Dungeon (2/15)

Altars:

Annotations:
D:2 Sigmund


Innate Abilities, Weirdness & Mutations

You have a pair of horns on your head.
You reflexively headbutt those who attack you in melee.


Message History

You closely miss Sigmund. Sigmund hits you but does no damage.
You bump into the rock wall.
You miss Sigmund.
Sigmund is suddenly surrounded by pale green light.
Sigmund hits you with a +0 scythe.
You completely miss Sigmund. Xom grants you a minor favour.
You feel very mighty all of a sudden.
A kobold comes into view. It is wielding a +0 club.
Sigmund casts a spell at you. The puff of flame hits you!
You barely miss Sigmund. "Let's try an experiment, hmmm?"
Your eyebrows briefly feel incredibly bushy.
You are now a special plaything of Xom.
Sigmund barely misses you.
You bump into the rock wall.
You hit Sigmund. You burn Sigmund.
Sigmund is moderately wounded.
You feel less confused.
Sigmund points at you and mumbles some strange words.
You resist with significant effort. Sigmund casts a spell at you.
The magic dart hits you!
You closely miss Sigmund. Your headbutt misses Sigmund.
Sigmund is moderately wounded.
Sigmund hits you but does no damage.
You closely miss Sigmund.
Sigmund is moderately wounded.
You closely miss Sigmund.
Sigmund is moderately wounded.
Sigmund laughs darkly.
Sigmund gestures at you while chanting. The puff of flame hits you.
* * * LOW HITPOINT WARNING * * *
You slash Sigmund! You burn Sigmund.
Sigmund is almost dead.
Sigmund gestures at you while chanting. The puff of flame hits you!
You die...

###.########.##
#. ####.# ...
.. #....#
....## #.####
.... #...# ####
###.# #.#
#####.# #.K@@.#
#.#####


You could see Sigmund and a kobold.

Vanquished Creatures
  3 adders (D:2)
  A dart slug (D:1)
  A bat (D:2)
  An endoplasm (D:1)
  A giant cockroach (D:2)
  3 goblins (D:2)
  4 hobgoblins (D:1)
  A kobold (D:1)
  A quokka (D:2)
  4 ball pythons
  2 frilled lizards (D:1)
  A rat (D:1)
23 creatures vanquished.

Notes
Turn   | Place    | Note
-------+----------+-------------------------------------------
     0 | D:1      | GigaChad the Minotaur Chaos Knight began the quest for the
                  | Orb.
     0 | D:1      | Reached XP level 1. HP: 19/19 MP: 0/0
   132 | D:1      | XOM: smoke on damage
   172 | D:1      | Reached XP level 2. HP: 16/27 MP: 1/1
   278 | D:1      | XOM: 3-stop teleportation journey
   407 | D:1      | XOM: silly message
   455 | D:1      | XOM: silly message
   681 | D:2      | Reached XP level 3. HP: 27/33 MP: 2/2
   880 | D:2      | XOM: silly message
  1141 | D:2      | Noticed Sigmund
  1148 | D:2      | XOM: potion effect (might)
  1149 | D:2      | XOM: silly message
  1155 | D:2      | Killed from afar by Sigmund

Illustrated notes

Levels and vault maps discovered:
D:1:      dpeg_arrival_rooms_b, layout_rooms
D:2:      layout_basic, hellmonk_ecumenical_altar_run_dry, uniq_natasha,
          uniq_sigmund

Skill      XL: |  1  2 |
---------------+-------+-----
Long Blades    | 4 |  4.5
Fighting       | 4 |  4.3
Armour         | 3 |  3.2
Dodging        | |  1.2

Action                   || total
-------------------------++-------
Melee: Falchion          ||    50
       Headbutt          ||     6
  Use: Scroll            ||     2
Armor: Leather armour    ||    15
Dodge: Dodged            ||    29
